 Dungeon Crawl Stone Soup version 0.31-a0-1074-g0b22e4e0f1 (webtiles) character file.

Game seed: 9041036414153559290

44 LeprechaunX the Changeling (level 3, 0/24 HPs)
             Began as an Octopode Shapeshifter on Nov 29, 2023.
             Slain by an adder (2 damage)
             ... on level 2 of the Dungeon.
             The game lasted 00:01:16 (1063 turns).

LeprechaunX the Changeling (Octopode Shapeshifter)  Turns: 1063, Time: 00:01:17

Health: 0/24       AC:  1    Str: 13    XL:     3   Next: 60%
Magic:  3/3        EV: 13    Int: 12    God:
Gold:   51         SH:  0    Dex: 13    Spells: 2/2 levels left

rFire   . .          .
                       - Unarmed
rCold   . . .        (no shield)
rNeg    . . .        (helmet currently unavailable)
rPois   .            (no amulet)
rElec   .            (no ring)
rCorr   .            (no ring)
SInv    .            (no ring)
Will    .....        (no ring)
Stlth   ++           (no ring)
HPRegen 0.24/turn    (no ring)
MPRegen 0.08/turn    (no ring)
                     (no ring)

%: no passive effects
@: lethally poisoned (0 -> -4), beast-form
A: beast (slay +2), almost no armour, amphibious, 8 rings, camouflage 1,
gelatinous body 1, (nimble swimmer 1), tentacles
a: Begin Untransformation


You were on level 2 of the Dungeon.
You were a hulking beast.
You visited 1 branch of the dungeon, and saw 2 of its levels.

You collected 51 gold pieces.

Inventory:

Talismans
 b - a beast talisman
 c - a flux talisman
Scrolls
 f - a scroll of revelation {unknown}
 h - a scroll of noise {unknown}
 i - 2 scrolls of butterflies {unknown}
 k - a scroll of enchant armour {unknown}
 l - a scroll of identify {unknown}
Potions
 a - 3 potions of lignification
 d - a potion of invisibility {unknown}
 e - a potion of brilliance {unknown}
 g - a potion of might {unknown}
 j - a potion of curing {unknown}


   Skills:
 + Level 1.7 Fighting
 - Level 2.0 Dodging
 + Level 3.3 Unarmed Combat
 * Level 3.7 Shapeshifting


You had 2 spell levels left.
You didn't know any spells.
Your spell library was empty.

Dungeon Overview and Level Annotations

Branches:
Dungeon (2/15)

Altars:


Innate Abilities, Weirdness & Mutations

You are a hulking beast.
Your limbs bulge with bestial killing power. (Slay +2)
You cannot wear most types of armour.
You are amphibious.
You can wear up to eight rings at the same time.
Your skin changes colour to match your surroundings (Stealth+).
Your rubbery body absorbs attacks. (AC +1, EV +1)
((You are camouflaged when in or above water. (Stealth+)))
You have tentacles for arms and can constrict up to eight enemies at once.


Message History

The dart slug launches a dart at you. The slug dart hits you.
You tentacle-slap the adder. Your grab misses the adder.
The adder is lightly wounded.
The adder completely misses you. The dart slug launches a dart at you.
The slug dart hits you. The adder bites you.
You closely miss the adder. Your grab misses the adder.
The adder is lightly wounded.
The adder bites you.
You are poisoned.
The adder poisons you!
You miss the adder. Your grab misses the adder. Your squeeze misses the adder.
The adder is lightly wounded.
You feel sick. The adder bites you.
You are too injured to fight recklessly!
You are too injured to fight recklessly!
Unknown command.
You feel sick. The adder bites you.
* * * LOW HITPOINT WARNING * * *
You are lethally poisoned!
The adder poisons you!
Unknown command.
You barely miss the adder. Your grab misses the adder.
The adder is lightly wounded.
* * * LOW HITPOINT WARNING * * *
You feel sick. The adder misses you. The adder closely misses you.
Unknown command.
You tentacle-slap the adder. You grab the adder.
The adder is heavily wounded.
You constrict the adder.
* * * LOW HITPOINT WARNING * * *
You feel sick. The adder misses you.
Unknown command.
You tentacle-slap the adder.
The adder is severely wounded.
You constrict the adder.
* * * LOW HITPOINT WARNING * * *
You feel sick. The adder bites you.
You die...

###. #... .# # ..#
.# #. ..# ..#
#.##.###..#
##.........#
###..........#
.......hS†...#
.######.w###..# ##.
#..# . #.. #..# ..
.... #..# ... .....
#..###.... #....#
#.........
......####...##....
........##...# ##


You could see an adder and a dart slug.

Vanquished Creatures
  3 dart slugs (D:1)
  5 ball pythons (D:1)
  4 bats (D:1)
  A giant cockroach (D:1)
  2 goblins (D:1)
  5 hobgoblins
  2 jackals (D:1)
  5 kobolds (D:1)
  2 quokkas (D:1)
  A frilled lizard (D:1)
  4 rats (D:1)
34 creatures vanquished.

Notes
Turn   | Place    | Note
-------+----------+-------------------------------------------
     0 | D:1      | LeprechaunX the Octopode Shapeshifter began the quest for
                  | the Orb.
     0 | D:1      | Reached XP level 1. HP: 13/13 MP: 1/1
    97 | D:1      | Reached XP level 2. HP: 18/18 MP: 2/2
   263 | D:1      | Found a faded altar of an unknown god.
   368 | D:1      | Reached XP level 3. HP: 23/23 MP: 3/3
  1063 | D:2      | Slain by an adder

Illustrated notes

Levels and vault maps discovered:
D:1:      dpeg_arrival_rooms_with_view, layout_basic,
          shapermc_ecumenical_altar_totnotflames, minmay_statues_item
D:2:      layout_rooms, minmay_misc_feat_rows, uniq_natasha, uniq_terence

Action                     || total
---------------------------++-------
  Melee: Unarmed           ||    61
         Constrict         ||    20
         Tentacles         ||    11
         Punch             ||     2
   Stab: Sleeping          ||    10
         Distracted        ||     1
 Armour: Skin              ||    21
  Dodge: Dodged            ||    30

Table legend: (Time is in decaauts)
 A = Elapsed time spent in this place.
 B = Non-inter-level travel time spent in this place.
 C = Inter-level travel time spent in this place.
 D = Time resting spent in this place.
 E = Time spent auto-exploring this place.
 F = Levels seen in this place.
 G = Mean time per level.
                   A        B        C        D        E       F      G
               +--------+--------+--------+--------+--------+-----+--------+
         Total |   1059 |   1018 |     41 |      0 |    836 |   2 |  529.5 |
       Dungeon |   1059 |   1018 |     41 |      0 |    836 |   2 |  529.5 |
               +--------+--------+--------+--------+--------+-----+--------+

Top non-repeatable levels by time:
     D:1: 1019 daAuts
     D:2: 40 daAuts
